 Dungeon Crawl Stone Soup version 0.30-a0-365-ge7f957f1db (console) character file.

Game seed: 5735510334723519501

4 petzl the Sneak (level 1, -23/11 (18) HPs)
             Began as a Formicid Delver on Nov 15, 2022.
             Annihilated by a death knight
             ... wielding a +1 glaive
              (34 damage)
             ... on level 14 of the Dungeon on Nov 17, 2022.
             The game lasted 00:11:00 (1110 turns).

petzl the Sneak (Formicid Delver)                   Turns: 1110, Time: 00:11:01

HP:   -23/11 (18)   AC:  4    Str: 16    XL:     1   Next: 66%
MP:   1/1           EV: 12    Int:  9    God:
Gold: 90            SH:  0    Dex: 15    Spells: 0/1 levels left

rFire   . . .      SeeInvis +    l - +0 long sword
rCold   . . .      Faith    .    (no shield)
rNeg    . . .      Spirit   .    b - +0 leather armour
rPois   .          Reflect  .    (helmet unavailable)
rElec   .          Harm     .    (no cloak)
rCorr   .          Rampage  .    j - +0 pair of gloves
Will    .....                    (no boots)
Stlth   +++.......               (no amulet)
HPRegen 0.21/turn                (no ring)
MPRegen 0.07/turn                (no ring)

@: very heavily drained
A: permanent stasis, dig shafts and tunnels, antennae 3, four strong arms
a: Dig, Shaft Self


You were on level 14 of the Dungeon.
You visited 1 branch of the dungeon, and saw 8 of its levels.

You collected 90 gold pieces.

Inventory:

Hand Weapons
 a - a +0 mace
 l - a +0 long sword (weapon)
Armour
 b - a +0 leather armour (worn)
 j - a +0 pair of gloves (worn)
Wands
 f - a wand of digging (3)
Scrolls
 c - a scroll of fog
 d - a scroll of magic mapping
 e - 2 scrolls of poison {unknown}
 g - a scroll of identify {unknown}
 h - a scroll of fear
 i - a scroll of enchant armour {unknown}
Potions
 k - a potion of curing {unknown}


   Skills:
 - Level 3.3 Fighting
 - Level 2.0 Maces & Flails
 - Level 0.1 Armour
 - Level 1.8 Dodging
 - Level 6.0 Stealth
 + Level 0.5 Spellcasting
 + Level 0.0 Summonings


You couldn't memorise any spells.
You knew the following spells:

 Your Spells              Type           Power      Damage    Failure   Level
a - Summon Small Mammal   Summ           0%         N/A       43%         1

Your spell library contained the following spells:

 Spells                   Type           Power      Damage    Failure   Level
 Summon Guardian Golem    Hex/Summ       0%         N/A       82%         3
 Manifold Assault         Tloc           0%         N/A       99%         4
 Summon Forest            Summ/Tloc      0%         N/A       100%        5
 Dispersal                Tloc           0%         N/A       100%        6
 Summon Hydra             Summ           0%         N/A       100%        7
 Disjunction              Tloc           0%         N/A       100%        8


Dungeon Overview and Level Annotations

Branches:
Dungeon (14/15)
 Temple: D:4-7         Lair: D:8-11         Orc: D:9-12      Vaults: D:13-14

Altars:

Shops:
D:9 ?

Annotations:
D:7 exclusions: downstairs and scorpion, Maggie
D:11 exclusion: downstairs
D:12 exclusion: sensed monster (detected)
D:14 exclusion: manticore


Innate Abilities, Weirdness & Mutations

You cannot be hasted, slowed, berserked, paralysed or teleported.
You can dig through walls and to a lower floor.
You have a pair of large antennae on your head. (SInv)
Your four strong arms can wield two-handed weapons with a shield.


Message History

The orc wizard gestures at you while chanting.
You are confused.
You begin to dig a shaft.
You continue digging a shaft.
The orc warrior shouts!
A shaft appears beneath you!
You fall into a shaft and drop 2 floors!
The shaft crumbles and collapses.
Found a long sword and 12 gold pieces.
You feel less confused.
You see here a +0 long sword.
l - a +0 long sword
l - a +0 long sword (weapon)
You now have 90 gold pieces (gained 12).
Found a scale mail.
Found a falchion.
A manticore comes into view.
Press: ? - help, . - travel You can't see that place. [the floor.] Placed new exclusion.
Unknown command.
An efreet comes into view.
It is wielding a +3 scimitar of flaming.
You extend your mandibles.
Really walk into a travel-excluded area?
You dig through the translucent rock wall.
You feel drained.
You retract your mandibles.
You extend your mandibles.
You dig through the rock wall.
You feel drained.
You retract your mandibles.
You open the door.
A death knight comes into view. It is wielding a +1 glaive.
Found an escape hatch in the floor.
You close the door.
Found a wand of flame (10).
Found a brown potion.
The death knight shouts!
The death knight hits you from afar with a +1 glaive!!
Ouch! That really hurt!
You die...

#########+## ###
...........######..H#
#...>@...+.○.##.#..
#/......#.##..#.#..
#.....p#.#R###.#.#.#
#.#..!.#.#.# #.#.#.# .#
#....#.#.# #.#.#.# .
#....#R#☼# #...#.#
#.##+###.○.# #.#...# #.##
########.#.#.# #
....##....).#.#.#.#
#.##..##..####.#.#.#.##
....##.........#.#..###
#.....######..#[#....#.#
#.....#...###.#.#..R...#
#.....#.#.# #......°..##
#.....#.#.###......°......
#.......#..........○○.####
#.....#######............
#......# #..########..
###.##..# #### ...


You could see a death knight.

Vanquished Creatures
  2 orcs
2 creatures vanquished.

Notes
Turn   | Place    | Note
-------+----------+-------------------------------------------
     0 | D:5      | petzl the Formicid Delver began the quest for the Orb.
     0 | D:5      | Reached XP level 1. HP: 18/18 MP: 1/1
    16 | D:5      | Noticed a scorpion
   131 | D:6      | Noticed an orc wizard
   133 | D:6      | Noticed an orc priest
   189 | D:5      | You fall into a shaft and drop 3 floors!
   414 | D:8      | Upgraded the game from 0.30-a0-364-gf6b3ef1049 to
                  | 0.30-a0-365-ge7f957f1db
   453 | D:8      | Noticed a yak
   454 | D:8      | Noticed a yak
   571 | D:7      | Noticed a scorpion
   587 | D:7      | Noticed a steam dragon
   625 | D:7      | Noticed Maggie
   700 | D:7      | You fall into a shaft and drop 2 floors!
   700 | D:9      | Found Doryjiq's Magic Scroll Boutique.
   754 | D:9      | Noticed a yak
   755 | D:9      | Noticed a yak
   756 | D:9      | Noticed a yak
   756 | D:9      | Noticed a yak
   756 | D:9      | Noticed a yak
   811 | D:9      | Noticed a killer bee
   812 | D:9      | Noticed a killer bee
   812 | D:9      | Noticed a killer bee
   813 | D:9      | Noticed a killer bee
   813 | D:9      | Noticed a killer bee
   816 | D:9      | You fall into a shaft and drop 3 floors!
   893 | D:12     | Got the Parchment of the Congregation
   896 | D:12     | Learned a level 1 spell: Summon Small Mammal
   926 | D:12     | Noticed an orc knight
   930 | D:12     | Noticed an orc warrior
   974 | D:11     | Noticed a troll
   995 | D:11     | Noticed an orc wizard
   995 | D:11     | Noticed an orc priest
   995 | D:11     | Noticed an orc priest
   998 | D:11     | You fall into a shaft and drop 1 floor!
  1013 | D:12     | Noticed an orc wizard
  1045 | D:12     | Noticed a warg
  1049 | D:12     | You fall into a shaft and drop 2 floors!
  1082 | D:14     | Noticed a manticore
  1084 | D:14     | Noticed an efreet
  1097 | D:14     | Noticed a death knight
  1110 | D:14     | Annihilated by a death knight

Illustrated notes

Levels and vault maps discovered:
D:5:      layout_loops_ring, minmay_misc_feat_chi, kennysheep_flooded_box,
          minmay_joined_circles
D:6:      layout_loops_cross, grunt_decor_junction
D:7:      layout_loops_cross, mainiacjoe_overflow_cross_hatched, uniq_maggie
D:8:      layout_loops_corners, minitemple
D:9:      layout_long_grid, nicolae_ashenzari_panopticon,
          lemuel_mausoleum_altar_kikubaaqudgha, erik_lair_island, serial_shops,
          nicolae_square_shop
D:11:     layout_roguey, serial_shops, kennysheep_mini
D:12:     layout_loops_corners, hive_lemuel
D:14:     layout_roguey, hangedman_vaults_entry_quadrant_bands,
          minmay_staircase_statues, serial_co_window_serial, co_window_paths_b,
          co_window_paths_a, co_window_paths_a, co_window_corner_a,
          co_window_of_opportunity_a, co_window_paths_a,
          co_window_of_opportunity_a, co_window_paths_c,
          co_window_unsneaky_path_a, co_window_broadway_c, co_window_cross_4,
          glass_columns_a, minmay_misc_feat_doors, uniq_rupert

Action                   || total
-------------------------++-------
Melee: Mace              ||     7
 Abil: Shaft Self        ||     5
       Dig               ||     3
  Use: Scroll            ||     1
Armor: Leather armour    ||     2
Dodge: Dodged            ||    11

Table legend: (Time is in decaauts)
 A = Elapsed time spent in this place.
 B = Non-inter-level travel time spent in this place.
 C = Inter-level travel time spent in this place.
 D = Time resting spent in this place.
 E = Time spent auto-exploring this place.
 F = Levels seen in this place.
 G = Mean time per level.
                   A        B        C        D        E       F      G
               +--------+--------+--------+--------+--------+-----+--------+
         Total |   1113 |   1081 |     32 |    114 |    183 |   8 |  139.1 |
       Dungeon |   1113 |   1081 |     32 |    114 |    183 |   8 |  139.1 |
               +--------+--------+--------+--------+--------+-----+--------+

Top non-repeatable levels by time:
     D:8: 303 daAuts
     D:7: 207 daAuts
    D:12: 164 daAuts
     D:6: 134 daAuts
     D:9: 115 daAuts
    D:11: 69 daAuts
    D:14: 60 daAuts
     D:5: 58 daAuts
